AoeStats
← Unknown

Lombardia

509967747Analyzed
4v4 RM · 4d ago on Sep 28, 2026· 18m 41s· 8 players
Game mode
Random Map
Map size
Large (8 player)
Population
200
Speed
Normal
Resources
Standard
Victory
Conquest
Starting age
Dark Age
Ending age
Imperial Age
RankedLock teamsTeams togetherTeam positionsShared explorationLock speedFull tech treeHidden civsTurbo modeCheats
Victory
Defeat
🇨🇴 Mongols · Colombia
1533
+4
🇨🇴 Italians · Colombia
1194
+15
🇨🇴 Persians · Colombia
982
+23
🇨🇴 Franks · Colombia
880
+26
🇨🇭 Britons · Switzerland
1203
-18
🇵🇪 Huns · Peru
1185
-18
🇩🇪 Vietnamese · Germany
1153
-16
🇪🇸 Hindustanis · Spain
1138
-16
tHeDesiRe
8:24 Loom
10:47 Feudal Age
11:52 Double-Bit Axe
15:13 Castle Age
13:19 Horse Collar
El azote
11:32 Feudal Age
16:48 Castle Age
14:45 Double-Bit Axe
14:42 Horse Collar
14:56 Gold Mining
17:52 Forging
Unknown
10:53 Feudal Age
11:43 Loom
16:58 Castle Age
16:01 Double-Bit Axe
16:50 Fletching
LaPythieDeDelphes
4:01 Loom
10:31 Feudal Age
11:05 Double-Bit Axe
20:49 Castle Age
GPRK | LORD JOHFRE
4:12 Loom
10:52 Feudal Age
11:33 Double-Bit Axe
12:52 Bloodlines
13:12 Gold Mining
16:14 Wheelbarrow
dialchacri
5:46 Loom
8:17 Feudal Age
7:38 Loom
8:48 Double-Bit Axe
8:59 Horse Collar
14:30 Scale Barding Armor
17:49 Forging
20:45 Castle Age
FELIPE41
0:41 Loom
11:09 Feudal Age
12:41 Double-Bit Axe
19:14 Castle Age
17:37 Stone Mining
19:45 Wheelbarrow
19:02 Gold Mining
Ryujin
11:10 Feudal Age
13:06 Loom
16:00 Castle Age
14:04 Double-Bit Axe
14:12 Fletching
14:58 Horse Collar
15:49 Padded Archer Armor
15:46 Gold Mining
16:50 Bodkin Arrow
Connection lost

Rejoining the realm…

Still unreachable

The connection could not be restored.

Session expired

The server has moved on; the page needs a fresh start.